 Dungeon Crawl Stone Soup version 0.31-a0-489-g282fc92437 (webtiles) character file.

Game seed: 2052656122593620005

107 Ethylacetat the Ducker (level 4, -3/31 HPs)
             Began as an Octopode Gladiator on Aug 8, 2023.
             Was an Elder of Jiyva.
             Slain by an ice beast (5 damage)
             ... on level 4 of the Dungeon.
             The game lasted 00:02:51 (2360 turns).

Ethylacetat the Ducker (Octopode Gladiator)         Turns: 2360, Time: 00:02:52

Health: -3/31      AC:  1    Str: 13    XL:     4   Next: 86%
Magic:  4/4        EV: 14    Int: 10    God:    Jiyva [****..]
Gold:   92         SH:  0    Dex: 15    Spells: 3/3 levels left

rFire   . . .        a - +0 rapier
rCold   . . .        (no shield)
rNeg    . . .        b - +0 hat
rPois   .            (no amulet)
rElec   .            (no ring)
rCorr   +            (no ring)
SInv    .            (no ring)
Will    .....        (no ring)
Stlth   ++           (no ring)
HPRegen 1.53/turn    (no ring)
MPRegen 0.49/turn    (no ring)
                     (no ring)

%: no passive effects
@: mighty
A: almost no armour, amphibious, 8 rings, camouflage 1, gelatinous body 1,
(nimble swimmer 1), tentacles, pseudopods 2, jelly absorbing missiles,
MP-powered wands
a: Renounce Religion, Oozemancy, Slimify


You were on level 4 of the Dungeon.
You worshipped Jiyva.
Jiyva was greatly pleased with you.
You visited 1 branch of the dungeon, and saw 4 of its levels.

You collected 92 gold pieces.

Inventory:

Hand Weapons
 a - a +0 rapier (weapon)
Missiles
 c - 3 throwing nets (quivered)
 d - a javelin
Armour
 b - a +0 hat (worn)
Jewellery
 i - a ring of magical power
Wands
 l - a wand of flame (20)
Scrolls
 g - 3 scrolls of identify {unknown}
 h - a scroll of blinking {unknown}
 j - a scroll of enchant weapon {unknown}
 k - a scroll of noise {unknown}
 o - a scroll of enchant armour {unknown}
Potions
 f - a potion of degeneration {unknown}
 m - a potion of mutation {unknown}
 n - a potion of curing {unknown}
 p - a potion of lignification {unknown}


   Skills:
 + Level 3.2 Fighting
 + Level 3.9 Short Blades
 - Level 2.0 Throwing
 + Level 3.9 Dodging


You had 3 spell levels left.
You didn't know any spells.
Your spell library contained the following spells:

 Spells                   Type           Power      Damage    Failure   Level
 Vhi's Electric Charge    Tloc/Air       0%         N/A       75%         3
 Arcjolt                  Conj/Air       0%         1d10      100%        5
 Plasma Beam              Fire/Air       0%         2x1d10    100%        6


Dungeon Overview and Level Annotations

Branches:
Dungeon (4/15)
 Temple: D:4-7

Altars:
Sif Muna
Wu Jian
Xom
Yredelemnul
The Shining One
Jiyva


Innate Abilities, Weirdness & Mutations

You cannot wear most types of armour.
You are amphibious.
You can wear up to eight rings at the same time.
Your skin changes colour to match your surroundings (Stealth+).
Your rubbery body absorbs attacks. (AC +1, EV +1)
((You are camouflaged when in or above water. (Stealth+)))
You have tentacles for arms and can constrict up to eight enemies at once.
Armour fits poorly on your large pseudopods.
You have a small jelly attached to you that may absorb projectiles.
You expend magic power (3 MP) to strengthen your wands.


Message History

There is an open door here.
You now have 92 gold pieces (gained 16).
You open the door.
There is an open door here.
p - a black potion No target in view!
You hear a distant slurping noise.
Found a stone staircase leading down.
No target in view!
No target in view!
No target in view!
An ice beast comes into view.
What are your orders? t - Shout!
Orders for allies: a - Attack new target. r - Retreat! s - Stop attacking. g - Guard the area. f - Follow me.
Anything else - Cancel.
Okay, then.
Activating: Oozemancy (8% risk of failure)
Press: ? - help, Dir - look around, f - activate
Okay, then.
The helpless ice beast fails to defend itself.
You hit the ice beast. You squeeze the ice beast!
The ice beast is heavily wounded.
The ice beast hits you. The ice beast freezes you!
You hit the ice beast.
The ice beast is heavily wounded.
The ice beast completely misses you.
You hit the ice beast. You bludgeon the ice beast.
The ice beast is severely wounded.
The ice beast hits you. The ice beast freezes you!
* * * LOW HITPOINT WARNING * * *
Okay, then.
It was a potion of might.
You feel very mighty all of a sudden. The ice beast hits you.
* * * LOW HITPOINT WARNING * * *
The ice beast freezes you.
You die...

#.#########################
##..........................
#....#######################
#..#.# #.. .. #..#.#
######.# ## #..#.# #....#.#
.. #..#.# #.##.#.# ..
#.#..#.# #Y##.#.# ..
##+#.#..#.######@##.#.# ..
.....#..#........#..#.# ..
.....#..###########.#.# ##
.....#..#....†........#
.....#..#.#########.###
.....#.....#......#.#
.....'.....#.####'#.#######
.....#...#.#........##....#
####.#.....#........#.....#


You could see an ice beast.

Vanquished Creatures
  An iguana (D:4)
  2 adders
  An ufetubus (D:4)
  A worm (D:2)
  A dart slug (D:1)
  An orc (D:3)
  2 ball pythons
  2 bat skeletons (D:2)
  2 endoplasms (D:1)
  3 giant cockroaches
  9 goblins
  9 hobgoblins
  2 kobolds
  A quokka (D:2)
  2 bats
  3 frilled lizards
  A quokka skeleton (D:2)
  6 rats
49 creatures vanquished.

Vanquished Creatures (others)
  3 jellies
  A worm (D:3)
  3 orcs (D:3)
  A bat (D:3)
  3 giant cockroaches
  A goblin (D:1)
  A hobgoblin (D:2)
  2 quokkas
  2 rats (D:3)
17 creatures vanquished.

Grand Total: 66 creatures vanquished

Notes
Turn   | Place    | Note
-------+----------+-------------------------------------------
     0 | D:1      | Ethylacetat the Octopode Gladiator began the quest for the
                  | Orb.
     0 | D:1      | Reached XP level 1. HP: 14/14 MP: 1/1
   121 | D:1      | Reached XP level 2. HP: 11/19 MP: 2/2
   373 | D:1      | Found a faded altar of an unknown god.
   417 | D:1      | Prayed at the altar of an unknown god.
   417 | D:1      | Became a worshipper of Jiyva Jieteri the Shapeless
   417 | D:1      | Reached * piety under Jiyva
   820 | D:1      | Reached XP level 3. HP: 25/25 MP: 3/3
   859 | D:2      | Reached ** piety under Jiyva
  1314 | D:3      | Found a shimmering blue altar of Sif Muna.
  1341 | D:3      | Reached XP level 4. HP: 30/30 MP: 4/4
  1454 | D:3      | Reached *** piety under Jiyva
  1481 | D:3      | Found a basalt altar of Yredelemnul.
  1481 | D:3      | Found a glowing golden altar of the Shining One.
  1489 | D:3      | Noticed a profane servitor
  1672 | D:3      | Gained mutation: You have a small jelly attached to you
                  | that may absorb projectiles. [Jiyva's grace]
  1672 | D:3      | Gained mutation: You expend magic power (3 MP) to
                  | strengthen your wands. [Jiyva's grace]
  1672 | D:3      | Gained mutation: Armour fits poorly on your pseudopods.
                  | [Jiyva's grace]
  1672 | D:3      | Gained mutation: Armour fits poorly on your large
                  | pseudopods. [Jiyva's grace]
  1682 | D:3      | Found a shimmering altar of Xom.
  1858 | D:3      | Noticed an angel
  2026 | D:4      | Found an ornate altar of the Wu Jian Council.
  2128 | D:4      | Reached **** piety under Jiyva
  2355 | D:4      | Noticed an ice beast
  2360 | D:4      | Slain by an ice beast

Illustrated notes

Levels and vault maps discovered:
D:1:      lightli_arrival_farm, layout_basic, ebering_ecumenical_altar_webs,
          serial_forest, infiniplex_forest_lined_room_2,
          infiniplex_forest_lined_2, infiniplex_forest_straight_4,
          infiniplex_forest_clump_small, infiniplex_forest_lined_room_3,
          infiniplex_forest_clump_small, infiniplex_forest_clump_small,
          infiniplex_forest_lined_ring
D:2:      layout_basic, serial_undead, serial_undead_b, serial_undead_c,
          serial_undead_d, serial_undead_d, serial_undead_f, serial_undead_e,
          ebering_dispersal_statue_hall, minmay_octomino_j4
D:3:      layout_loops_ring, grunt_temple_overflow_holy_war,
          mainiacjoe_overflow_alcove_4, mainiacjoe_overflow_cross_hatched,
          minmay_crystal_water, nicolae_kite_square_tiling_tiny, hex_tiny
D:4:      layout_basic, mainiacjoe_overflow_concentric_impassable,
          lemuel_temple_firewalk_a, kennysheep_nub, interstate_on_off

Skill      XL: |  1  2  3  4 |
---------------+-------------+-----
Fighting       | 3 |  3.2
Short Blades   | |  3.9
Throwing       | |  2.0
Dodging        | |  3.9

Action                     |  1- 3 |  4- 6 || total
---------------------------+-------+-------++-------
  Melee: Rapier            |    74 |    24 ||    98
         Constrict         |    19 |     5 ||    24
         Tentacles         |    13 |     6 ||    19
         Pseudopods        |       |     2 ||     2
    Use: Potion            |       |     1 ||     1
   Stab: Sleeping          |     7 |     5 ||    12
 Armour: Skin              |     2 |       ||     2
  Dodge: Dodged            |    51 |    13 ||    64

Table legend: (Time is in decaauts)
 A = Elapsed time spent in this place.
 B = Non-inter-level travel time spent in this place.
 C = Inter-level travel time spent in this place.
 D = Time resting spent in this place.
 E = Time spent auto-exploring this place.
 F = Levels seen in this place.
 G = Mean time per level.
                   A        B        C        D        E       F      G
               +--------+--------+--------+--------+--------+-----+--------+
         Total |   2362 |   2293 |     69 |      0 |   1973 |   4 |  590.5 |
       Dungeon |   2362 |   2293 |     69 |      0 |   1973 |   4 |  590.5 |
               +--------+--------+--------+--------+--------+-----+--------+

Top non-repeatable levels by time:
     D:1: 825 daAuts
     D:3: 579 daAuts
     D:4: 478 daAuts
     D:2: 477 daAuts
